 Dungeon Crawl Stone Soup version 0.20.0-15-g7f486f2 (webtiles) character file.

4631 anfisbena the Carver (level 10, -1/47 HPs)
             Began as a Vine Stalker Fighter on June 14, 2017.
             Was an Elder of Hepliaklqana.
             Slain by a two-headed ogre
             ... wielding a +0 giant club
              (12 damage)
             ... on level 3 of the Dungeon.
             The game lasted 00:13:45 (7617 turns).

anfisbena the Carver (Vine Stalker Fighter)         Turns: 7617, Time: 00:13:45

Health: -1/47      AC: 14    Str: 19    XL:     10   Next: 43%
Magic:  0/11       EV:  5    Int: 10    God:    Hepliaklqana [****..]
Gold:   393        SH: 10    Dex: 17    Spells: 9/9 levels left

rFire    . . .     SeeInvis .   I - +5 long sword (curse)
rCold    . . .     Gourm    .   c - +0 shield
rNeg     . . .     Faith    .   G - +0 chain mail
rPois    +         Spirit   +   u - +0 helmet
rElec    .         Reflect  .   (no cloak)
rCorr    .         Harm     +   (no gloves)
MR       ++...                  L - +0 pair of boots
Stlth    ..........             D - amulet of harm
Regen    0.6/turn               J - +4 ring of slaying
MPRegen  0.2/turn               N - ring of poison resistance

@: drained
A: reduced essence, fangs 3, slimy green scales 1, clever 1, magic resistance 1,
mutation resistance 1, regeneration 1, magic shield, antimagic bite, no potion
heal 3, rot immunity
a: Recall Ancestor, Ancestor Identity, Transference, Idealise, Renounce Religion


You were on level 3 of the Dungeon.
You worshipped Hepliaklqana.
Hepliaklqana was greatly pleased with you.
You were not hungry.

You visited 1 branch of the dungeon, and saw 8 of its levels.

You collected 393 gold pieces.

Inventory:

Hand Weapons
 F - a +0 rapier of speed
 I - a cursed +5 long sword (weapon)
Armour
 c - a +0 shield (worn)
 u - a +0 helmet (worn)
 G - a +0 chain mail (worn)
 L - a +0 pair of boots (worn)
Jewellery
 D - an amulet of harm (around neck)
 J - a +4 ring of slaying (left hand)
 N - a ring of poison resistance (right hand)
Wands
 a - a wand of random effects (21/48)
 b - a wand of confusion (14/48)
 B - a wand of flame (34/48)
 M - a wand of lightning (2/15)
Scrolls
 e - 10 scrolls of identify {unknown}
 i - 2 scrolls of recharging {unknown}
 j - a scroll of fog {unknown}
 l - 3 scrolls of remove curse {unknown}
 o - 2 scrolls of teleportation {unknown}
 p - a scroll of magic mapping {unknown}
 q - 3 scrolls of random uselessness {unknown}
 s - 4 scrolls of immolation {unknown}
 v - 2 scrolls of enchant armour {unknown}
 x - a scroll of blinking {unknown}
 z - 4 scrolls of amnesia {unknown}
Potions
 d - 4 potions of might
 g - a potion of mutation
 h - a potion of haste {unknown}
 k - 2 potions of curing
 n - 2 potions of lignification {unknown}
 r - 3 potions of resistance {unknown}
 A - 2 potions of brilliance {unknown}
 E - a potion of berserk rage {unknown}
 H - a potion of agility {unknown}
Books
 t - a book of Maledictions

   Spells                             Type                      Level
   a - Corona                         Hexes                        1
   b - Ensorcelled Hibernation        Hexes/Ice                    2
   c - Confuse                        Hexes                        3
   d - Tukima's Dance                 Hexes                        3
   e - Dazzling Spray                 Conjuration/Hexes            3
 w - a book of Flames

   Spells                             Type                      Level
   a - Flame Tongue                   Conjuration/Fire             1
   b - Throw Flame                    Conjuration/Fire             2
   c - Conjure Flame                  Conjuration/Fire             3
   d - Inner Flame                    Hexes/Fire                   3
   e - Sticky Flame                   Conjuration/Fire             4
   f - Fireball                       Conjuration/Fire             5
Comestibles
 f - 6 bread rations
 m - 2 meat rations
 C - 5 fruits
 K - a royal jelly


   Skills:
 + Level 6.0(5.8) Fighting
 - Level 10.0(9.8) Long Blades
 + Level 5.5(5.3) Armour
 + Level 6.3(6.1) Shields


You had 9 spell levels left.
You didn't know any spells.

Dungeon Overview and Level Annotations

Branches:
Dungeon (8/15)             Temple (0/1) D:4            Lair (0/6) D:8

Altars:
Ashenzari
Fedhas
Hepliaklqana
Kikubaaqudgha
Okawaru
Zin

Annotations:
D:3 1 transporter


Innate Abilities, Weirdness & Mutations

You have razor-sharp teeth.
Your natural rate of healing is unusually fast.
When hurt, damage is shared between your health and your magic reserves.
Your bite disrupts and absorbs the magic of your enemies.
Potions cannot restore your health.
You are immune to rotting.
Your life essence is reduced. (-10% HP)
You are partially covered in slimy green scales. (AC +2)
Your mind is acute. (Int +2)
You are resistant to hostile enchantments. (MR+)
You are somewhat resistant to further mutation.


Message History

The two-headed ogre hits you but does no damage.
You hit the two-headed ogre. You bite the two-headed ogre! You drain its power.
You feel invigorated.
The two-headed ogre is heavily wounded.
You hit the two-headed ogre but do no damage.
You bite the two-headed ogre. You drain its power.
The two-headed ogre is severely wounded.
The two-headed ogre hits you with a giant club.
The two-headed ogre barely misses you.
You slash the two-headed ogre!
The two-headed ogre is severely wounded.
You block the two-headed ogre's attack.
The two-headed ogre hits you with a giant club!
You hit the two-headed ogre. You bite the two-headed ogre. You drain its power.
You feel invigorated.
The two-headed ogre is almost dead.
The two-headed ogre hits you with a giant club!!
* * * LOW HITPOINT WARNING * * *
The two-headed ogre hits you with a giant club!
You die...

#.#.###...........# #.# ###(
#...........###+#.###.# #...
#.#########.###....##.## #.#.
#.....# ###..)..©.....## #.##
#####.# ##...#########..# #.# #.#
#...##8.....8##.###+## ########.#
#..)#Oo.O.....#....... #.)...(#.#
#...#O##o†.##.#....... #.####.#.#
#...#@##(..##.#....... #.# #.#.#
#...#©.(.....O#....... #.# #.#.#
#...#.##..[##.#....... #(# #.#.#
#...#.##...##o#....... #.#
#.#.###...#..$?$(!..#....... #.#
#.........##8$___$8##...##+#
#.######.#####..#########..#.##.#
.........######...........##.##.#
#######........####...###.##.##.#


You could see 2 two-headed ogres and an orc.

Vanquished Creatures
  A two-headed ogre (D:8)
  The ghost of Mygna the Cleaver, a novice HOMo of Yredelemnul (D:5)
  5 yaks (D:7)
  Eustachio (D:5)
  A porcupine (D:8)
  Duvessa (D:5)
  An ice beast (D:7)
  A sky beast (D:8)
  2 phantoms
  An ogre (D:5)
  A centaur (D:5)
  The ghost of miragecloak the Changer, an amateur OpTm of Ashenzari (D:3)
  4 bullfrogs
  Dowan (D:5)
  A wyvern skeleton (D:8)
  3 scorpions
  4 wights (D:8)
  A howler monkey (D:6)
  2 crimson imps (D:7)
  A centaur zombie (D:8)
  4 hounds
  A bullfrog skeleton (D:5)
  A jelly (D:5)
  2 orc priests
  4 orc wizards
  2 centaur skeletons
  A gnoll shaman (D:7)
  Terence (D:3)
  2 hell rats (D:7)
  A worker ant (D:6)
  A hound zombie (D:8)
  A hound skeleton (D:4)
  A howler monkey zombie (D:8)
  4 gnolls (D:7)
  9 adders
  A shadow imp (D:6)
  An ooze (D:2)
  6 worms
  5 dart slugs
  3 leopard geckos
  23 orcs
  4 ball pythons
  6 giant cockroaches
  12 goblins
  4 hobgoblins
  2 jackals (D:2)
  3 kobolds
  4 quokkas
  18 bats
  4 frilled lizards
  A leopard gecko skeleton (D:8)
  A quokka skeleton (D:5)
  A quokka zombie (D:6)
  8 rats
176 creatures vanquished.

Vanquished Creatures (collateral kills)
  A bullfrog (D:7)
  A scorpion (D:5)
  A wight (D:8)
  An orc priest (D:6)
  3 orc wizards
  A bullfrog skeleton (D:6)
  Ijyb (D:5)
  An iguana (D:8)
  An adder (D:4)
  A giant cockroach (D:4)
  3 jackals (D:3)
  A rat (D:8)
16 creatures vanquished.

Vanquished Creatures (others)
  3 hexers
  3 ancestors
6 creatures vanquished.

Grand Total: 198 creatures vanquished

Notes
Turn   | Place    | Note
-------+----------+-------------------------------------------
     0 | D:1      | anfisbena the Vine Stalker Fighter began the quest for the Orb.
     0 | D:1      | Reached XP level 1. HP: 11/11 MP: 2/2
   114 | D:1      | Reached skill level 2 in Long Blades
   130 | D:1      | Reached XP level 2. HP: 13/16 MP: 0/3
  1085 | D:2      | Reached skill level 3 in Long Blades
  1085 | D:2      | Reached XP level 3. HP: 10/19 MP: 4/4
  1434 | D:2      | Found an ancient bone altar of Kikubaaqudgha.
  1765 | D:2      | Gained mutation: Your natural rate of healing is unusually fast. [Vine Stalker growth]
  1765 | D:2      | Reached XP level 4. HP: 21/23 MP: 5/5
  1782 | D:2      | Found a hazy altar of Hepliaklqana.
  1793 | D:2      | Became a worshipper of Hepliaklqana the Forgotten
  2037 | D:2      | Reached skill level 4 in Long Blades
  2467 | D:3      | Noticed Terence
  2468 | D:3      | Found a transporter.
  2479 | D:3      | Reached XP level 5. HP: 23/24 MP: 4/6
  2484 | D:3      | Killed Terence
  2543 | D:3      | Found a glowing silver altar of Zin.
  2544 | D:3      | Found an iron altar of Okawaru.
  2544 | D:3      | Noticed a two-headed ogre
  2545 | D:3      | Found a shattered altar of Ashenzari.
  2545 | D:3      | Found a transporter.
  2548 | D:3      | Noticed miragecloak's ghost (amateur OpTm)
  2552 | D:3      | Noticed a two-headed ogre
  2569 | D:3      | Killed miragecloak's ghost
  2569 | D:3      | Reached skill level 5 in Long Blades
  2659 | D:3      | Reached XP level 6. HP: 28/28 MP: 7/7
  2867 | D:3      | Reached * piety under Hepliaklqana
  2993 | D:4      | Reached skill level 6 in Long Blades
  3049 | D:4      | Found a staircase to the Ecumenical Temple.
  3466 | D:4      | Reached XP level 7. HP: 31/31 MP: 8/8
  3694 | D:5      | Entered Level 5 of the Dungeon
  3706 | D:5      | Noticed Ijyb
  3835 | D:5      | Reached skill level 7 in Long Blades
  3837 | D:5      | Gained mutation: You are clumsy. (Dex -2) [potion of mutation]
  3837 | D:5      | Gained mutation: You are partially covered in slimy green scales. (AC +2) [potion of mutation]
  3837 | D:5      | Gained mutation: You are dopey. (Int -2) [potion of mutation]
  3837 | D:5      | Gained mutation: Your flesh is cold resistant. (rC+) [potion of mutation]
  3839 | D:5      | Lost mutation: You are clumsy. (Dex -2) [potion of mutation]
  3839 | D:5      | Lost mutation: Your flesh is cold resistant. (rC+) [potion of mutation]
  3839 | D:5      | Lost mutation: You are dopey. (Int -2) [potion of mutation]
  3839 | D:5      | Gained mutation: Your magical capacity is low. (-10% MP) [potion of mutation]
  3839 | D:5      | Gained mutation: Your mind is acute. (Int +2) [potion of mutation]
  3839 | D:5      | Gained mutation: You are resistant to hostile enchantments. (MR+) [potion of mutation]
  3930 | D:5      | Noticed Mygna's ghost (novice HOMo)
  4020 | D:5      | Killed Mygna's ghost
  4020 | D:5      | Reached skill level 8 in Long Blades
  4104 | D:5      | Killed Ijyb
  4104 | D:5      | Gained mutation: You have razor-sharp teeth. [Vine Stalker growth]
  4104 | D:5      | Reached XP level 8. HP: 11/35 MP: 6/8
  4268 | D:5      | Noticed Eustachio
  4295 | D:5      | Killed Eustachio
  4304 | D:5      | Reached skill level 9 in Long Blades
  4535 | D:5      | Reached ** piety under Hepliaklqana
  4536 | D:5      | Remembered your ancestor Bintanath as a hexer
  4600 | D:5      | Noticed Duvessa
  4600 | D:5      | Noticed Dowan
  4609 | D:5      | Killed Duvessa
  4616 | D:5      | Killed Dowan
  4814 | D:6      | Reached skill level 10 in Long Blades
  5200 | D:6      | Reached XP level 9. HP: 37/39 MP: 9/9
  5701 | D:7      | Reached *** piety under Hepliaklqana
  6277 | D:7      | Reached skill level 5 in Shields
  6412 | D:8      | Found a blossoming altar of Fedhas.
  6450 | D:8      | Reached skill level 5 in Fighting
  6489 | D:8      | Reached XP level 10. HP: 33/45 MP: 7/10
  6517 | D:8      | Gained mutation: You are somewhat resistant to further mutation. [mutagenic meat]
  6520 | D:8      | Gained mutation: Your magical capacity is very low. (-20% MP) [mutagenic meat]
  6521 | D:8      | Lost mutation: Your magical capacity is very low. (-20% MP) [potion of mutation]
  6521 | D:8      | Lost mutation: Your magical capacity is low. (-10% MP) [potion of mutation]
  6679 | D:8      | Reached skill level 5 in Armour
  6686 | D:8      | Noticed a two-headed ogre
  6698 | D:8      | Killed a two-headed ogre
  6804 | D:8      | Reached **** piety under Hepliaklqana
  7026 | D:8      | Found a staircase to the Lair.
  7026 | D:8      | Noticed a death yak
  7027 | D:8      | Noticed a death yak
  7027 | D:8      | Noticed a death yak
  7064 | D:7      | HP: 2/47 [hell rat (6)]
  7540 | D:3      | HP: 1/47 [two-headed ogre/giant club (8)]
  7546 | D:3      | HP: 1/47 [orc (3)]
  7617 | D:3      | Slain by a two-headed ogre

Skill      XL: |  1  2  3  4  5  6  7  8  9 10 |
---------------+-------------------------------+-----
Long Blades    | 2 3 4 5 6 8 10 | 10.0
Shields        | 3 5 6 |  6.3
Fighting       | 3 5 6 |  6.0
Armour         | 4 5 |  5.5

Action                   |  1- 3 |  4- 6 |  7- 9 | 10-12 || total
-------------------------+-------+-------+-------+-------++-------
Melee: Long sword        |   102 |   144 |   125 |    53 ||   424
       Bite              |    24 |    44 |   129 |    27 ||   224
       Dagger            |       |       |    27 |       ||    27
       Rapier            |       |       |   173 |    20 ||   193
Invok: Ancestor Life: He |       |       |     1 |       ||     1
  Use: Potion            |       |       |     3 |     1 ||     4
 Stab: Distracted        |       |     1 |     2 |     1 ||     4
       Confused          |       |       |     3 |     1 ||     4
  Eat: Chunk             |     3 |     6 |     9 |     8 ||    26
Armor: Scale mail        |    46 |    54 |    24 |       ||   124
       Leather armour    |       |       |    15 |       ||    15
       Chain mail        |       |       |    45 |    42 ||    87
Dodge: Dodged            |    30 |    36 |    64 |    16 ||   146
Block: Shield            |    66 |    59 |    93 |    41 ||   259
       Rpst.: Long sword |    14 |    10 |     8 |     3 ||    35
